AoeStats
← Wei-Wei

MegaRandom

508870534Analyzed
4v4 RM · 7d ago on Sep 24, 2026· 16m 3s· 8 players
Game mode
Random Map
Map size
Large (8 player)
Population
200
Speed
Normal
Resources
Standard
Victory
Conquest
Starting age
Dark Age
Ending age
Imperial Age
RankedLock teamsTeams togetherTeam positionsShared explorationLock speedFull tech treeHidden civsTurbo modeCheats
Victory
Defeat
🇨🇳 Saxons · China
855
+12
🇨🇳 Magyars · China
809
+14
803
+14
799
+15
🇹🇼 Mongols · Taiwan
870
-17
🇹🇼 Danes · Taiwan
774
-14
🇹🇼 Jurchens · Taiwan
769
-14
🇹🇼 Slavs · Taiwan
666
-10
Tamerlane
6:28 Loom
8:41 Feudal Age
10:07 Double-Bit Axe
13:42 Fletching
PoiseDivaSanaつ
3:28 Loom
10:21 Feudal Age
11:08 Double-Bit Axe
10:59 Man-at-Arms
12:34 Scale Mail Armor
14:01 Scale Barding Armor
邦多利第一耐摔王-莫提斯
12:35 Feudal Age
14:31 Double-Bit Axe
16:52 Castle Age
stone wall builder
6:50 Loom
9:19 Feudal Age
10:05 Double-Bit Axe
14:58 Wheelbarrow
rayy0705
0:45 Loom
15:57 Feudal Age
大師FAN
11:37 Feudal Age
n26066416
0:34 Loom
12:24 Feudal Age
14:58 Wheelbarrow
14:08 Town Watch
Wei-Wei
0:35 Loom
15:59 Feudal Age
Connection lost

Rejoining the realm…

Still unreachable

The connection could not be restored.

Session expired

The server has moved on; the page needs a fresh start.